 Dungeon Crawl Stone Soup version bcrawl-1.37.2 (webtiles) character file.

Game seed: 17390386895947509737

316709 yrara the Grappler (level 9, -1/67 HPs)
             Began as a Demonspawn Fighter on Feb 13, 2023.
             Slain by a howler monkey skeleton (5 damage)
             ... on level 6 of the Dungeon.
             The game lasted 00:05:10 (5543 turns).

yrara the Grappler (Demonspawn Fighter)             Turns: 5543, Time: 00:05:11

Health: -1/67      AC: 17    Str: 18    XL:     9   Next: 37%
Magic:  9/9        EV:  5    Int: 10    God:
Gold:   452        SH:  0    Dex: 14    Spells: 8/8 levels left

rFire    + . .     GDR:     28%   - Claws (26.0)
rCold    . . .     SeeInvis .   (no shield)
rNeg     . . .     Gourm    .   v - +2 plate armour {rPois}
rPois    +         Faith    .   (helmet restricted)
rElec    +         Spirit   .   (no cloak)
rCorr    .         Reflect  .   (gloves unavailable)
MR       .....                  k - +1 pair of boots
Stlth    ..........             (no amulet)
HPRegen  0.21/turn              l - ring of insulation
MPRegen  0.11/turn              (no ring)

@: no status effects
A: antennae 1, claws 3, rugged brown scales 2, blurry vision 1, fire resistance
1, nightstalker 1, spiny 1
a: no special abilities


You were on level 6 of the Dungeon.
You were not hungry.

You visited 1 branch of the dungeon, and saw 6 of its levels.
You also visited: Sewer and Ossuary.

You collected 452 gold pieces.

Inventory:

Hand Weapons
 a - a +1 war axe
 p - a +0 club
 y - a +1 flail of protection
Missiles
 o - 319 arrows
Armour
 c - a +0 medium shield
 k - a +1 pair of boots (worn)
 v - a +2 plate armour of poison resistance (worn)
Jewellery
 l - a ring of insulation (left claw)
Wands
 j - a wand of random effects (15)
 s - a wand of clouds (5)
 u - a wand of flame (30)
Scrolls
 f - 7 scrolls of teleportation
 g - 6 scrolls of remove curse
 i - 3 scrolls of identify
 m - 2 scrolls of amnesia
 r - a scroll of fog
 t - 2 scrolls of enchant weapon
 x - a scroll of enchant armour {unknown}
Potions
 b - a potion of mutation
 d - 4 potions of might
 h - 7 potions of curing
 n - 2 potions of haste
 q - 2 potions of resistance {unknown}
 w - a potion of agility {unknown}
 z - 2 potions of magic {unknown}
 B - a potion of cancellation {unknown}
Comestibles
 e - 14 rations {!d}
 A - 2 chunks of flesh


   Skills:
 - Level 3.2 Fighting
 - Level 2.4 Axes
 - Level 2.9 Armour
 - Level 2.6 Shields
 + Level 11.3 Unarmed Combat


You had 8 spell levels left.
You didn't know any spells.
Your spell library contained the following spells:

 Spells                   Type           Power        Failure   Level  Hunger
 Summon Small Mammal      Summ           #...         100%        1    None
 False Image              Hex/Summ       #.......     100%        3    #####..
 Summon Lightning Spire   Summ/Air       #.......     100%        5    #######
 Summon Mana Viper        Hex/Summ       #.......     100%        5    #######
 Statue Form              Tmut/Erth      #........    100%        6    #######


Dungeon Overview and Level Annotations

Branches:
Dungeon (6/12)
 Temple: D:4-7

Altars:
Cheibriados
Dithmenos
Yredelemnul

Shops:
D:5 (

Annotations:
D:5 exclusion: downstairs


Innate Abilities, Weirdness & Mutations

You have claws for hands.
You are mostly covered in rugged brown scales. (AC +2, +5% HP)
You are slightly more attuned to the shadows.
You are partially covered in sharp spines.
You have a pair of small antennae on your head.
Scrolls take you a little longer to read.
Your flesh is heat resistant. (rF+)


Message History

The howler monkey skeleton is struck by your spines.
The howler monkey skeleton hits you but does no damage.
You scratch the two-headed ogre.
The two-headed ogre is heavily wounded.
The two-headed ogre barely misses you.
The two-headed ogre hits you with a +0 giant club!
The howler monkey skeleton hits you but does no damage.
You claw the two-headed ogre!
The two-headed ogre is almost dead.
You scratch the two-headed ogre.
The two-headed ogre is almost dead.
The howler monkey skeleton is struck by your spines.
The howler monkey skeleton hits you but does no damage.
The two-headed ogre hits you with a +0 giant spiked club!!
* * * LOW HITPOINT WARNING * * *
The two-headed ogre hits you but does no damage.
You mangle the two-headed ogre!!
You kill the two-headed ogre!
The howler monkey skeleton hits you.
You die...

##.## #.# #..# #.#
.... ##.###.# .....
# #..##.# .....
.######)##.# .....#
.....)..)#.# ....
......##...##.#)#.#
..#.
#...........#.#..)#
..#
.....)@.....#.##..#
# ##
###..Z...†..#.##..#
...
............#.##..#
o.#.
#..#........#.###>#
.... ..
#........#.# #.#
..o. . #........#.#
#.# ...
..........#.# #.#
##........#.# #.#
#........#.# #.#


You could see a howler monkey skeleton.

Vanquished Creatures
  A two-headed ogre (D:6)
  A troll (D:5)
  A slime creature (D:5)
  Menkaure (Ossuary)
  Edmund (D:6)
  A water moccasin (D:5)
  2 orc warriors (D:6)
  A phantom (D:4)
  A sky beast (D:5)
  A black bear (D:5)
  3 ogres
  A bullfrog (Sewer)
  A kobold brigand (D:6)
  A water moccasin zombie (D:5)
  2 scorpions
  5 orc priests (D:6)
  A crimson imp (D:6)
  3 jellies (D:5)
  2 orc wizards
  A gnoll shaman (D:4)
  A hound (D:6)
  An iguana (D:6)
  6 worker ants
  3 hound skeletons
  4 mummies
  5 adders
  2 shadow imps
  2 oozes
  3 worms
  2 dart slugs (D:2)
  6 leopard geckos
  21 orcs
  7 ball pythons
  4 bats
  8 giant cockroaches
  4 gnoll zombies (Ossuary)
  8 hobgoblins
  5 jackals (D:1)
  3 quokkas
  9 frilled lizards
  3 gnoll skeletons (Ossuary)
  3 goblins
  8 goblin skeletons (Ossuary)
  A goblin zombie (Ossuary)
  2 hobgoblin skeletons (Ossuary)
  6 hobgoblin zombies (Ossuary)
  A jackal skeleton (D:4)
  13 kobolds
  5 kobold skeletons (Ossuary)
  5 kobold zombies (Ossuary)
  3 orc skeletons (Ossuary)
  2 orc zombies (Ossuary)
  7 rats
  4 rat skeletons (Ossuary)
  7 rat zombies (Ossuary)
205 creatures vanquished.

Notes
Turn   | Place    | Note
-------+----------+-------------------------------------------
     0 | D:1      | yrara the Demonspawn Fighter began the quest for the Orb.
     0 | D:1      | Reached XP level 1. HP: 18/18 MP: 1/1
   139 | D:1      | Gained mutation: You have sharp fingernails. [demonic
                  | ancestry]
   139 | D:1      | Reached XP level 2. HP: 23/24 MP: 2/2
   665 | D:1      | Reached skill level 1 in Unarmed Combat
   665 | D:1      | Reached XP level 3. HP: 29/29 MP: 3/3
  1095 | D:2      | Reached skill level 2 in Unarmed Combat
  1241 | D:2      | Gained mutation: You are partially covered in rugged brown
                  | scales. (AC +1, +3% HP) [demonic ancestry]
  1241 | D:2      | Reached XP level 4. HP: 28/36 MP: 4/4
  1589 | D:3      | Reached skill level 3 in Unarmed Combat
  1704 | D:3      | Found a glowing drain.
  1740 | Sewer    | Entered a sewer
  1766 | Sewer    | Gained mutation: You have very sharp fingernails. [demonic
                  | ancestry]
  1766 | Sewer    | Reached XP level 5. HP: 39/42 MP: 5/5
  2006 | Sewer    | Reached skill level 4 in Unarmed Combat
  2087 | Sewer    | Identified the Guide on the Ashen Escort
  2763 | D:3      | Gained mutation: You are slightly more attuned to the
                  | shadows. [demonic ancestry]
  2763 | D:3      | Reached XP level 6. HP: 45/48 MP: 6/6
  2824 | D:2      | Found a snail-covered altar of Cheibriados.
  2917 | D:3      | Gained mutation: Your flesh is heat resistant. (rF+)
                  | [potion of mutation]
  2917 | D:3      | Gained mutation: Scrolls take you a little longer to read.
                  | [potion of mutation]
  2917 | D:3      | Gained mutation: You are mostly covered in rugged brown
                  | scales. (AC +2, +5% HP) [potion of mutation]
  2917 | D:3      | Gained mutation: You have a pair of small antennae on your
                  | head. [potion of mutation]
  3009 | D:4      | Reached skill level 5 in Unarmed Combat
  3179 | D:4      | Reached skill level 6 in Unarmed Combat
  3392 | D:5      | Entered Level 5 of the Dungeon
  3416 | D:5      | Noticed a water moccasin
  3424 | D:5      | Killed a water moccasin
  3425 | D:5      | Gained mutation: You are partially covered in sharp spines.
                  | [demonic ancestry]
  3425 | D:5      | Reached XP level 7. HP: 42/54 MP: 7/7
  3550 | D:5      | Noticed a slime creature
  3561 | D:5      | Killed a slime creature
  3562 | D:5      | Reached skill level 7 in Unarmed Combat
  3833 | D:5      | Found a basalt altar of Yredelemnul.
  3852 | D:5      | Reached skill level 8 in Unarmed Combat
  3880 | D:5      | Gained mutation: You have claws for hands. [demonic
                  | ancestry]
  3880 | D:5      | Reached XP level 8. HP: 60/60 MP: 8/8
  4036 | D:5      | Noticed a troll
  4041 | D:5      | Killed a troll
  4085 | D:5      | Found a shadowy altar of Dithmenos.
  4425 | D:5      | Found Yplonuof's Antique Weapon Emporium.
  4432 | D:5      | Reached skill level 9 in Unarmed Combat
  4508 | D:6      | Noticed a two-headed ogre
  4845 | D:6      | Reached skill level 10 in Unarmed Combat
  4902 | D:6      | Reached XP level 9. HP: 57/67 MP: 9/9
  4914 | D:6      | Found a sand-covered staircase.
  4921 | Ossuary  | Entered an ossuary
  5220 | Ossuary  | Noticed Menkaure
  5226 | Ossuary  | Killed Menkaure
  5460 | D:6      | Noticed Edmund
  5470 | D:6      | Reached skill level 11 in Unarmed Combat
  5475 | D:6      | Killed Edmund
  5543 | D:6      | Killed a two-headed ogre
  5543 | D:6      | Slain by a howler monkey skeleton

Skill      XL: |  1  2  3  4  5  6  7  8  9 |
---------------+----------------------------+-----
Axes           | 2 |  2.4
Unarmed Combat | 1 2 3 4 6 8 10 11 | 11.3
Fighting       | |  3.2
Armour         | |  2.9
Shields        | |  2.6

Action                   |  1- 3 |  4- 6 |  7- 9 || total
-------------------------+-------+-------+-------++-------
Melee: War axe           |   107 |    80 |       ||   187
       Punch             |       |     5 |     7 ||    12
       Unarmed           |       |   129 |   221 ||   350
  Use: Scroll            |     1 |    12 |     1 ||    14
       Potion            |       |     1 |     1 ||     2
  Eat: Chunk             |     5 |    13 |    10 ||    28
Armor: Scale mail        |    78 |   113 |    30 ||   221
       Plate armour      |       |       |    48 ||    48
Dodge: Dodged            |    49 |    85 |    38 ||   172
